AoeStats
← Red Calypso

Arena

509655106Analyzed
4v4 RM · 4d ago on Sep 27, 2026· 65m 38s· 8 players
Game mode
Random Map
Map size
Large (8 player)
Population
200
Speed
Normal
Resources
Standard
Victory
Conquest
Starting age
Dark Age
Ending age
Imperial Age
RankedLock teamsTeams togetherTeam positionsShared explorationLock speedFull tech treeHidden civsTurbo modeCheats
Victory
Defeat
🇦🇹 Britons · Austria
1392
+11
🇩🇪 Malay · Germany
1331
+14
🇺🇸 Italians · United States
1314
+14
🇩🇪 Poles · Germany
1190
+20
🇫🇷 Teutons · France
1310
-16
🇩🇪 Huns · Germany
1285
-15
🇨🇳 Danes · China
1276
-15
🇸🇬 Aztecs · Singapore
1231
-13
4♚Dreams
10:55 Feudal Age
11:18 Horse Collar
11:27 Double-Bit Axe
12:19 Wheelbarrow
15:40 Castle Age
16:38 Heavy Plow
16:50 Bow Saw
18:26 Loom
20:00 Wheelbarrow
23:49 Gold Mining
29:49 Imperial Age
28:32 Hand Cart
28:30 Forging
28:26 Scale Barding Armor
28:42 Ballistics
28:09 Town Watch
29:43 Padded Archer Armor
29:46 Husbandry
30:09 Bloodlines
29:20 Light Cavalry
30:23 Chain Barding Armor
29:54 Fletching
30:39 Iron Casting
29:56 Stone Mining
30:43 Gold Shaft Mining
31:35 Two-Man Saw
30:53 Leather Archer Armor
31:40 Chemistry
30:37 Bodkin Arrow
31:08 Conscription
31:54 Parthian Tactics
31:36 Thumb Ring
31:07 Heavy Cavalry Archer
31:38 Hussar
33:57 Blast Furnace
34:05 Plate Barding Armor
33:38 Bracer
41:16 Capped Ram
42:29 Siege Ram
44:14 Elite Skirmisher
55:45 Caravan
BlueStaR
13:36 Feudal Age
14:33 Horse Collar
14:38 Double-Bit Axe
15:05 Gold Mining
15:05 Stone Mining
17:43 Castle Age
19:13 Heavy Plow
19:24 Bow Saw
20:54 Wheelbarrow
22:36 Hand Cart
30:21 Imperial Age
28:30 Scale Mail Armor
28:40 Forging
30:25 Capped Ram
31:42 Conscription
32:48 Pikeman
33:28 Squires
33:21 Halberdier
34:22 Chain Mail Armor
34:42 Iron Casting
34:03 Arson
35:48 Ironclad
39:00 Plate Mail Armor
39:30 Blast Furnace
38:15 Elite Teutonic Knight
43:08 Caravan
46:22 Cavalier
47:12 Bloodlines
47:46 Scale Barding Armor
47:29 Paladin
54:53 Man-at-Arms
55:31 Long Swordsman
57:24 Two-Man Saw
56:55 Crop Rotation
56:28 Two-Handed Swordsman
57:27 Champion
63:04 Gambesons
BananaPyjamas
0:29 Loom
10:39 Feudal Age
14:49 Castle Age
35:16 Imperial Age
34:33 Wheelbarrow
35:18 Horse Collar
35:26 Double-Bit Axe
35:50 Pikeman
36:42 Squires
38:58 Forging
38:49 Scale Mail Armor
39:54 Hand Cart
39:25 Eagle Warrior
41:44 Iron Casting
41:09 Scale Mail Armor
41:21 Elite Eagle Warrior
45:16 Bow Saw
45:33 Chain Mail Armor
46:51 Atlatl
46:56 Elite Skirmisher
47:59 Fletching
48:11 Padded Archer Armor
51:43 Blast Furnace
51:15 Plate Mail Armor
50:42 Bodkin Arrow
51:37 Caravan
52:07 Coinage
52:42 Garland Wars
53:34 Leather Archer Armor
53:51 Conscription
56:48 Bracer
58:57 Heavy Plow
59:19 Elite Jaguar Warrior
64:24 Arson
percy5655
9:44 Feudal Age
10:11 Double-Bit Axe
12:01 Loom
15:18 Castle Age
13:03 Horse Collar
13:38 Gold Mining
16:33 Wheelbarrow
16:24 Bow Saw
16:39 Heavy Plow
20:31 Hand Cart
20:13 Stone Mining
23:21 Stone Shaft Mining
24:12 Fletching
25:39 Bodkin Arrow
26:38 Gold Shaft Mining
26:20 Town Watch
33:45 Scale Mail Armor
35:02 Forging
39:21 Imperial Age
39:26 Capped Ram
39:31 Onager
40:33 Siege Engineers
41:23 Ballistics
40:49 Capped Ram
45:02 Padded Archer Armor
46:28 Leather Archer Armor
46:41 Elite Skirmisher
49:29 Bracer
54:33 Ring Archer Armor
Red Calypso
9:58 Feudal Age
10:59 Loom
13:55 Castle Age
12:25 Double-Bit Axe
19:07 Fletching
22:32 Bodkin Arrow
25:43 Bow Saw
25:28 Gold Mining
29:26 Padded Archer Armor
30:07 Wheelbarrow
36:50 Imperial Age
36:03 Hand Cart
37:07 Gold Shaft Mining
37:21 Ballistics
37:54 Hand Cart
37:31 Horse Collar
40:04 Chemistry
42:52 Two-Man Saw
42:49 Yeomen
42:32 Bracer
44:43 Leather Archer Armor
44:23 Treadmill Crane
44:40 Murder Holes
45:55 Conscription
44:56 Elite Longbowman
45:36 Pikeman
46:17 Squires
46:42 Heavy Plow
47:00 Siege Engineers
49:02 Masonry
48:38 Crossbowman
48:53 Halberdier
49:36 Scale Mail Armor
50:08 Ring Archer Armor
49:39 Arbalester
50:59 Scale Mail Armor
51:10 Forging
52:16 Chain Mail Armor
52:36 Iron Casting
51:36 Man-at-Arms
52:02 Gambesons
52:17 Arson
52:29 Long Swordsman
54:16 Plate Mail Armor
54:46 Blast Furnace
53:11 Two-Handed Swordsman
56:57 Champion
58:59 Architecture
59:22 Town Watch
60:52 Capped Ram
63:03 Guilds
schlauchnase
12:09 Feudal Age
15:37 Castle Age
13:38 Double-Bit Axe
13:34 Horse Collar
15:45 Bow Saw
16:36 Loom
23:57 Forging
26:50 Wheelbarrow
29:39 Town Watch
30:14 Hand Cart
30:58 Fletching
31:44 Iron Casting
32:53 Iron Casting
32:14 Bodkin Arrow
36:09 Imperial Age
33:41 Padded Archer Armor
35:08 Leather Archer Armor
35:36 Ballistics
34:49 Crossbowman
36:54 Chemistry
36:02 Arbalester
37:15 Bracer
39:56 Thumb Ring
43:12 Caravan
44:35 Heavy Plow
45:56 Crop Rotation
48:45 Blast Furnace
48:16 Ring Archer Armor
48:48 Blast Furnace
49:35 Pikeman
50:16 Squires
51:15 Conscription
50:25 Halberdier
57:41 Elite Skirmisher
58:35 Arson
64:24 Masonry
65:04 Arson
66:20 Scale Barding Armor
der Mondgulasch
10:41 Feudal Age
15:13 Castle Age
13:35 Double-Bit Axe
14:42 Horse Collar
16:57 Heavy Plow
21:24 Bow Saw
22:33 Heavy Plow
25:05 Wheelbarrow
24:57 Gold Mining
26:10 Loom
26:46 Town Watch
27:24 Stone Mining
30:29 Imperial Age
28:58 Szlachta Privileges
29:33 Bloodlines
29:34 Scale Barding Armor
29:40 Forging
31:14 Stone Shaft Mining
31:06 Chain Barding Armor
31:47 Iron Casting
31:43 Hand Cart
31:29 Town Patrol
32:08 Cavalier
34:54 Blast Furnace
34:40 Crop Rotation
34:58 Husbandry
35:31 Light Cavalry
36:42 Lechitic Legacy
36:35 Winged Hussar
41:52 Conscription
41:40 Fletching
64:36 Bodkin Arrow
64:42 Padded Archer Armor
65:04 Ballistics
65:54 Chemistry
64:50 Crossbowman
65:50 Thumb Ring
APPM
10:00 Feudal Age
13:51 Castle Age
12:15 Double-Bit Axe
13:11 Horse Collar
14:51 Bow Saw
21:18 Wheelbarrow
21:33 Gold Mining
21:35 Stone Mining
23:06 Loom
26:47 Imperial Age
24:58 Stone Shaft Mining
24:48 Ballistics
24:49 Fletching
26:08 Bodkin Arrow
26:14 Padded Archer Armor
26:05 Treadmill Crane
26:52 Elite Genoese Crossbowman
28:15 Conscription
28:43 Bracer
29:48 Leather Archer Armor
30:14 Arson
32:55 Chemistry
32:26 Ring Archer Armor
37:58 Squires
39:49 Scale Mail Armor
46:14 Murder Holes
46:34 Masonry
48:07 Chain Mail Armor
50:15 Thumb Ring
49:36 Elite Skirmisher
57:50 Husbandry
57:57 Scale Barding Armor
58:33 Bloodlines
57:44 Light Cavalry
65:26 Hussar
Connection lost

Rejoining the realm…

Still unreachable

The connection could not be restored.

Session expired

The server has moved on; the page needs a fresh start.